Map: 아몬의 낫

Players

테라진

  • Race: Protoss Protoss
  • Spawn Location: 5:00

춤추는불곰

  • Race: Terran Terran
  • Spawn Location: 5:00

VOD

Have the link to the VOD?

Description

Time

  • Played on: Aug. 17, 2017, 10:31 p.m.
  • Length: 25:09
Show
View Real Time Build Order
Export as new Build Order

테라진 Protoss 

Build Orders:  

Get SALT Encoding   

  12  0:02  Probe (Chrono Boost)  
  13  0:16  Probe (Chrono Boost)  
  14  0:24  Assimilator  
  14  0:34  Pylon  
  14  0:39  Probe (Chrono Boost)  
  15  0:59  Probe (Chrono Boost)  
  16  1:02  Assimilator  
  16  1:13  Probe (Chrono Boost)  
  17  1:27  Probe (Chrono Boost)  
  18  1:41  Probe (Chrono Boost)  
  19  1:54  Probe (Chrono Boost)  
  20  2:08  Probe (Chrono Boost)  
  21  2:21  Nexus  
  21  2:39  Pylon  
  21  2:42  Probe (Chrono Boost)  
  22  2:50  Gateway  
  22  2:55  Probe (Chrono Boost)  
  23  3:09  Probe (Chrono Boost)  
  24  3:20  Pylon  
  24  3:23  Probe (Chrono Boost)  
  25  3:34  Assimilator  
  25  3:37  Probe (Chrono Boost)  
  26  3:40  Assimilator  
  26  3:51  Probe (Chrono Boost)  
  26  3:57  Cybernetics Core  
  27  4:05  Probe x2 (Chrono Boost)  
  29  4:19  Probe (Chrono Boost)  
  30  4:23  Probe (Chrono Boost)  
  31  4:37  Probe (Chrono Boost)  
  32  4:51  Probe (Chrono Boost)  
  31  5:00  Probe (Chrono Boost)  
  34  5:11  Probe (Chrono Boost)  
  34  5:13  Probe (Chrono Boost)  
  34  5:16  Death Council  
  34  5:17  Warp Gate  
  36  5:25  Probe (Chrono Boost)  
  36  5:27  Probe (Chrono Boost)  
  38  5:39  Probe (Chrono Boost)  
  38  5:41  Probe (Chrono Boost)  
  40  5:53  Probe (Chrono Boost)  
  40  5:55  Pylon  
  41  6:19  Probe (Chrono Boost)  
  41  6:26  Ascendant Archives  
  42  6:30  Forge  
  42  6:32  Pylon  
  42  6:33  Probe (Chrono Boost)  
  42  6:34  Probe (Chrono Boost)  
  42  6:35  Gateway  
  42  6:37  Gateway  
  44  6:40  Gateway, Pylon  
  44  6:47  Probe x2 (Chrono Boost)  
  46  7:01  Probe (Chrono Boost)  
  47  7:48  Probe (Chrono Boost)  
  48  7:56  Power Overwhelming  
  48  8:05  Imposing Presence (Chrono Boost)  
  48  8:10  Cloaking Module  
  48  8:13  Pylon  
  48  8:14  Pylon  
  48  8:19  Gateway  
  48  8:22  Gateway  
  48  8:26  Gateway  
  48  8:28  Gateway  
  48  8:33  Pylon  
  48  8:36  Mothership, Pylon  
  48  8:37  Ascendant x4  
  56  8:45  Mind Blast  
  56  9:05  Blood Shields  
  56  9:10  Detect Weakness  
  56  9:32  Ascendant x4  
  56  9:33  Chaotic Attunement  
  64  9:45  Pylon  
  64  9:47  Pylon  
  64  9:54  Probe  
  64  9:58  Supplicant x2  
  64  9:59  Supplicant x6  
  74  10:05  Soul Augmentation  
  66  10:27  Ascendant x4  
  66  10:29  Supplicant x4  
  66  10:30  Supplicant x4  
  80  10:51  Ascendant  
  80  10:52  Ascendant  
  80  10:55  Supplicant x4  
  90  11:15  Ascendant  
  92  11:20  Ascendant  
  92  11:22  Supplicant x2  
  92  11:23  Supplicant x6  
  110  11:38  Supplicant x4  
  96  12:14  Pylon  
  90  12:48  Pylon  
  82  12:52  Ascendant x2  
  82  12:54  Ascendant x2  
  82  12:57  Ascendant  
  92  13:00  Supplicant x2  
  92  13:01  Supplicant x4  
  104  13:14  Bloodshard Resonance  
  102  13:26  Supplicant x4  
  102  13:27  Supplicant x2  
  96  13:48  Havoc x2  
  94  13:50  Supplicant x4  
  94  13:51  Supplicant x8  
  118  14:09  Havoc  
  119  14:10  Protoss Ground Weapons Level 1, Havoc  
  119  14:12  Supplicant x6  
  119  14:13  Supplicant x2  
  119  14:16  Pylon  
  119  14:19  Pylon  
  136  14:22  Phasing Armor (Chrono Boost)  
  136  14:25  Mothership  
  128  14:44  Supplicant x2  
  128  14:45  Supplicant x6  
  128  14:46  Supplicant x4  
  116  15:47  Supplicant x6  
  116  15:48  Supplicant x4  
  132  15:50  Slayer x2  
  132  15:51  Supplicant x2  
  136  16:17  Protoss Ground Weapons Level 2  
  122  16:30  Supplicant x8  
  122  16:31  Supplicant x4  
  140  16:47  Supplicant x2  
  140  16:48  Supplicant x2  
  144  16:51  Blink (Chrono Boost)  
  144  16:57  Supplicant x2  
  146  17:19  Pylon  
  104  18:12  Supplicant x6  
  104  18:13  Supplicant x6  
  104  18:14  Supplicant x4  
  128  18:36  Supplicant x4  
  128  18:37  Supplicant x6  
  148  18:45  Slayer x2  
  148  18:47  Slayer  
  128  19:32  Slayer x5  
  128  19:35  Havoc x2  
  112  20:12  Probe  
  111  20:23  Supplicant x6  
  111  20:24  Slayer x2  
  111  20:25  Slayer x3  
  112  21:05  Probe  
  102  21:31  Pylon  
  102  21:37  Pylon  
  98  21:51  Mothership  
  98  21:54  Pylon  
  98  21:57  Pylon, Havoc x3  
  101  22:00  Slayer x2  
  101  22:01  Slayer  
  101  22:02  Supplicant x4  
  107  22:40  Supplicant x6  
  107  22:41  Supplicant x8  
  107  22:42  Supplicant x2  
  107  23:14  Pylon  
  107  23:17  Supplicant x4, Pylon  
  107  23:18  Supplicant x8  
  107  23:19  Supplicant x4  
  133  23:41  Supplicant x6  
  109  24:21  Pylon  
  109  24:26  Pylon  
  88  24:42  Supplicant x2  
  88  24:43  Supplicant x2  
  88  24:44  Supplicant x6  
  88  24:45  Supplicant x4  
Show
View Real Time Build Order
Export as new Build Order

춤추는불곰 Terran 

Build Orders:  

Get SALT Encoding   

Tags
 
Commander
AlarakRaynor
Matchup
Co-op
Replay Pack
Co-op Speedrun
Add a new tag
Caveats
  • Supply blocks, unpowered buildings, or Contaminate may cause inaccurate times.
  • Supply counts are checked every 10 seconds.